 Dungeon Crawl Stone Soup version 0.18-a0-1057-g88203af (console) character file.

15 FIQ the Skirmisher (level 2, -1/24 HPs)
             Began as a Mummy Chaos Knight on Jan 11, 2016.
             Slain by a kobold
             ... wielding a +0 short sword
              (8 damage)
             ... on level 1 of the Dungeon.
             The game lasted 00:00:40 (364 turns).

FIQ the Skirmisher (Mummy Chaos Knight)              Turns: 364, Time: 00:00:40

Health: -1/24      AC:  6    Str: 15    XL:     2   Next: 34%
Magic:  2/2        EV: 10    Int: 11    God:    Xom [..*...]
Gold:   44         SH:  0    Dex: 11    Spells: 0 memorised, 1 level left

rFire  x . .     SeeInvis .     a - +0 mace (chaos)
rCold  + + .     Gourm    .     c - +1 ring mail {rC+}
rNeg   + + +     Faith    .     (no shield)
rPois  ∞         Spirit   .     (no helmet)
rElec  .         Dismiss  .     (no cloak)
rCorr  .         Reflect  .     (no gloves)
SustAt .         Harm     .     (no boots)
MR     .....                    (no amulet)
Stlth  +.........               (no ring)
                                (no ring)

@: not resistant to hostile enchantments, very unstealthy
A: no food or potions, fire vulnerability, cold resistance 1, negative energy
resistance 3, torment resistance, unbreathing
a: Renounce Religion


You were on level 1 of the Dungeon.
You worshipped Xom.
You were a toy of Xom.
You were not hungry.

You visited 1 branch of the dungeon, and saw 1 of its levels.

You collected 44 gold pieces.

Inventory:

Hand Weapons
 a - a +0 mace of chaos (weapon)
Armour
 c - a +1 ring mail of cold resistance (worn)
Scrolls
 b - a scroll of magic mapping {unknown}
 d - a scroll of identify {unknown}


   Skills:
 + Level 3.2 Fighting
 + Level 2.7 Maces & Flails
 + Level 1.7 Armour
 + Level 1.0 Dodging


You had one spell level left.
You didn't know any spells.

Dungeon Overview and Level Annotations

Branches:
Dungeon (1/15)

Altars:
Okawaru


Innate Abilities, Weirdness & Mutations

You do not eat or drink.
Your flesh is vulnerable to fire.
You are immune to poison.
Your flesh is cold resistant.
You are immune to negative energy.
You are immune to unholy pain and torment.
You can survive without breathing.


Message History

The rat bites you. The rat closely misses you.
You closely miss the kobold. The kobold hits you but does no damage.
The rat bites you but does no damage. The kobold hits you with a short sword.
You hit the kobold but do no damage.
The kobold goes berserk!
Xom is mildly amused.
The kobold hits you but does no damage. The rat barely misses you.
The kobold hits you with a short sword.
You barely miss the kobold. The kobold hits you but does no damage.
The rat bites you but does no damage. The kobold hits you but does no damage.
The rat closely misses you.
You barely miss the kobold. The kobold barely misses you.
The rat closely misses you. The kobold closely misses you.
You hit the kobold but do no damage. The kobold hits you with a short sword.
The rat bites you but does no damage. The kobold barely misses you.
You barely miss the kobold. The kobold hits you but does no damage.
The rat bites you but does no damage. The kobold misses you.
You hit the kobold but do no damage.
The kobold looks momentarily confused.
The rat bites you but does no damage. The kobold hits you with a short sword.
The rat bites you but does no damage.
You barely miss the kobold. The kobold barely misses you.
The kobold hits you but does no damage. The rat bites you.
* * * LOW HITPOINT WARNING * * *
You are too injured to fight recklessly!
You are too injured to fight recklessly!
You barely miss the kobold. The kobold hits you with a short sword!
You die... "Huh?
Did I miss anything?"

#..................
#..................
##......(..........
#.######.###...... #..#
#.# #...... . ##.#####.#
#...... .. #>.......#
#...... ...####........#
#...... ...............#
####### ...............#
......K@.......#
......r.#(.###.#
##......##.###.#########
#......##..#...........
#......###.#...........
######## #..[..........
##............
#............
#............
##...........
..>.........


You could see a kobold (berserk) and a rat.

Vanquished Creatures
  An ooze (D:1)
  3 bats (D:1)
  A hobgoblin (D:1)
  3 goblins (D:1)
  2 kobolds (D:1)
  A rat (D:1)
11 creatures vanquished.

Notes
Turn   | Place    | Note
--------------------------------------------------------------
     0 | D:1      | FIQ the Mummy Chaos Knight began the quest for the Orb.
     0 | D:1      | Reached XP level 1. HP: 18/18 MP: 1/1
    70 | D:1      | Reached skill level 1 in Dodging
    82 | D:1      | Found an iron altar of Okawaru.
   320 | D:1      | Reached XP level 2. HP: 22/24 MP: 2/2
   364 | D:1      | Slain by a kobold

Vault maps used:
D:1:      dpeg_arrival_shrine, okawaru_ov_weapons_minmay

Action                   || total
-------------------------++-------
Melee: Mace              ||    35
